Map: Automaton LE

Players

Norpix

  • Race: Zerg Zerg
  • League: Diamond
  • Spawn Location: 9:00

neuron - Winner!

  • Race: Zerg Zerg
  • League: Platinum
  • Spawn Location: 3:00

VOD

Have the link to the VOD?

Description

Time

  • Played on: March 2, 2019, 2:41 p.m.
  • Length: 23:53
Show
View Real Time Build Order
Export as new Build Order

Norpix Zerg 

Build Orders: Hatch First 

Get SALT Encoding   

  12  0:01  Drone  
  13  0:12  Overlord  
  13  0:18  Drone  
  14  0:31  Drone x2  
  14  0:34  Drone  
  17  0:56  Hatchery  
  16  0:58  Drone  
  16  1:01  Drone  
  18  1:11  Extractor  
  17  1:19  Spawning Pool  
  17  1:21  Drone  
  18  1:25  Drone  
  18  1:28  Drone  
  19  1:40  Drone  
  20  1:50  Overlord  
  20  2:05  Queen  
  23  2:08  Zergling x2  
  23  2:09  Queen  
  23  2:10  Zergling x2  
  23  2:13  Drone  
  27  2:23  Drone  
  27  2:24  Drone  
  29  2:32  Drone  
  29  2:34  Metabolic Boost  
  30  2:51  Queen  
  32  2:52  Overlord  
  32  2:58  Drone x3  
  32  2:59  Drone  
  36  3:12  Roach Warren  
  36  3:14  Evolution Chamber  
  34  3:25  Evolution Chamber  
  33  3:32  Drone  
  33  3:33  Drone x6  
  40  3:37  Drone  
  41  3:42  Zerg Missile Weapons Level 1  
  41  3:49  Lair  
  41  3:51  Overlord  
  41  4:04  Zergling x2  
  41  4:05  Zergling x4  
  43  4:21  Zergling x6  
  43  4:22  Zergling x8  
  50  4:41  Overlord x3  
  50  4:46  Glial Reconstitution  
  50  4:47  Hatchery  
  50  4:49  Extractor  
  50  4:50  Drone  
  50  4:51  Extractor, Drone  
  50  4:52  Drone x2  
  49  5:33  Roach x7  
  62  5:44  Roach x3  
  68  5:53  Drone  
  68  5:54  Drone  
  70  6:02  Overlord  
  70  6:03  Overlord x4  
  70  6:08  Roach x4  
  78  6:12  Hatchery  
  78  6:14  Overseer  
  78  6:17  Overseer  
  72  6:42  Drone x13  
  85  6:49  Drone  
  86  6:54  Zerg Missile Weapons Level 2  
  86  6:56  Zerg Melee Weapons Level 1  
  86  7:10  Roach  
  86  7:11  Roach x7  
  86  7:13  Roach  
  104  7:39  Roach x4  
  104  7:40  Roach x6  
  123  7:53  Extractor x2  
  119  8:22  Infestation Pit  
  119  8:24  Roach x4  
  126  8:32  Drone  
  127  8:38  Drone  
  127  8:40  Overlord x6  
  127  8:41  Overlord  
  128  8:50  Pneumatized Carapace, Zerg Ground Armor Level 1  
  128  9:00  Drone x10  
  128  9:01  Drone x5  
  128  9:02  Roach x4  
  151  9:09  Hive  
  151  9:26  Hydralisk Den  
  150  9:31  Zerg Melee Weapons Level 2  
  117  9:58  Roach  
  117  9:59  Roach x18  
  145  10:00  Roach x2  
  145  10:02  Drone  
  145  10:03  Drone x2  
  136  10:23  Grooved Spines  
  136  10:39  Queen  
  136  10:40  Overlord x2  
  136  10:41  Overlord x2  
  136  10:42  Hydralisk  
  138  10:43  Hydralisk x2  
  138  10:44  Zerg Missile Weapons Level 3  
  144  10:55  Overseer  
  144  11:19  Viper x2  
  150  11:31  Drone x3  
  153  11:34  Muscular Augments  
  153  11:39  Hydralisk x6  
  165  11:41  Zergling x12  
  165  11:46  Hatchery  
  170  11:55  Ultralisk Cavern  
  169  12:08  Adrenal Glands  
  169  12:18  Overseer  
  169  12:38  Hydralisk  
  169  12:39  Hydralisk x6  
  149  12:59  Hydralisk  
  149  13:00  Roach x8  
  149  13:01  Zergling x2  
  134  13:17  Queen  
  136  13:22  Zerg Melee Weapons Level 3  
  136  13:34  Zergling x2  
  136  13:35  Zergling x26  
  150  13:47  Ultralisk  
  156  14:11  Extractor  
  156  14:12  Baneling Nest  
  156  14:13  Extractor  
  146  14:30  Ultralisk x2  
  158  14:40  Drone x17  
  175  15:09  Spine Crawler  
  175  15:10  Ultralisk x2  
  175  15:11  Spine Crawler  
  185  15:14  Chitinous Plating  
  185  15:22  Hatchery  
  184  15:40  Centrifical Hooks  
  184  15:45  Zerg Ground Armor Level 2  
  184  15:48  Hydralisk  
  186  15:50  Hydralisk  
  186  15:52  Zergling x2  
  186  15:53  Zergling x10  
  186  15:54  Zergling x2  
  135  16:29  Hydralisk x6  
  135  16:30  Hydralisk x5  
  157  16:33  Anabolic Synthesis  
  157  16:37  Overseer  
  157  16:38  Overseer  
  155  16:50  Hydralisk  
  155  16:51  Hydralisk x2  
  155  16:53  Zergling x16  
  169  16:54  Zergling x2  
  169  16:55  Zergling x2  
  132  17:25  Hydralisk x6  
  132  17:26  Hydralisk x6  
  147  17:38  Hydralisk x3  
  147  17:39  Hydralisk  
  147  18:12  Zerg Ground Armor Level 3  
  147  18:13  Extractor  
  147  18:14  Hatchery, Ultralisk  
  147  18:15  Zergling x4  
  147  18:16  Zergling x14  
  147  18:17  Extractor  
  155  18:52  Zergling x8  
  139  19:33  Zergling x2  
  139  19:34  Zergling x30  
  150  19:43  Queen  
  90  20:09  Ultralisk x6  
  90  20:11  Zergling x16  
  132  20:29  Baneling x13  
  123  20:39  Overseer x4  
  77  21:14  Zergling x22  
  77  21:15  Zergling x16  
  94  21:42  Baneling  
  94  21:43  Baneling x11  
  94  21:56  Extractor, Hatchery  
  94  21:59  Extractor  
  45  22:24  Zergling x14  
  45  22:25  Zergling x16  
  45  22:28  Baneling  
  45  22:29  Baneling x5  
  31  22:55  Zergling x6  
  10  23:15  Baneling  
Show
View Real Time Build Order
Export as new Build Order

neuron Zerg - Winner!

Build Orders: Hatch First, Lurkers 

Get SALT Encoding   

  12  0:01  Drone  
  13  0:14  Overlord  
  13  0:18  Drone  
  14  0:32  Drone x2  
  16  0:38  Drone  
  17  0:58  Drone  
  17  1:00  Hatchery  
  17  1:02  Drone  
  18  1:13  Extractor  
  17  1:20  Spawning Pool  
  17  1:24  Drone x2  
  18  1:32  Drone  
  19  1:43  Drone  
  20  1:54  Overlord  
  20  2:08  Queen  
  20  2:11  Queen  
  20  2:12  Zergling x4  
  26  2:17  Drone  
  26  2:18  Metabolic Boost  
  27  2:24  Drone x2  
  29  2:34  Drone  
  30  2:47  Baneling Nest  
  30  2:51  Drone x3  
  32  3:04  Drone  
  33  3:08  Hatchery  
  32  3:18  Zergling x6  
  35  3:30  Roach Warren  
  34  3:35  Drone x3, Evolution Chamber  
  36  3:48  Overlord x2  
  36  4:06  Queen  
  34  4:15  Roach  
  34  4:16  Roach x5  
  45  4:18  Zerg Missile Weapons Level 1  
  45  4:21  Extractor  
  45  4:22  Queen  
  46  4:45  Drone x10  
  56  4:46  Drone  
  57  5:01  Zergling x2  
  57  5:02  Overlord x2  
  58  5:08  Overlord  
  58  5:11  Extractor  
  57  5:17  Lair  
  54  5:38  Roach x10  
  75  5:50  Roach x3  
  79  6:00  Zergling x2  
  79  6:01  Zergling x4  
  79  6:02  Overlord  
  82  6:14  Glial Reconstitution  
  82  6:18  Overlord x3  
  82  6:22  Baneling x3  
  82  6:32  Queen  
  83  6:40  Zergling x18  
  91  6:50  Zerg Ground Armor Level 1  
  91  6:55  Drone  
  91  6:56  Drone x4  
  96  7:03  Baneling  
  96  7:04  Baneling x3  
  96  7:20  Overseer  
  96  7:24  Drone x10  
  106  7:36  Roach x4  
  114  7:38  Overlord  
  114  8:18  Roach  
  114  8:19  Roach x3  
  122  8:20  Overlord x2  
  122  8:26  Extractor  
  121  8:28  Hydralisk Den  
  121  8:32  Extractor  
  119  8:34  Extractor  
  118  8:41  Overlord  
  118  8:42  Overlord x3  
  118  8:43  Ravager  
  118  8:44  Ravager x5  
  124  9:01  Spine Crawler, Drone  
  124  9:02  Spine Crawler, Drone x17  
  140  9:09  Overseer  
  140  9:23  Roach x7  
  154  9:27  Grooved Spines  
  150  9:52  Roach x5  
  146  9:53  Roach x7  
  115  10:08  Roach x5  
  116  10:20  Zerg Missile Weapons Level 2  
  116  10:22  Hydralisk x2  
  116  10:23  Hydralisk x3  
  126  10:36  Hydralisk  
  126  10:37  Hydralisk x4  
  126  10:38  Muscular Augments  
  136  10:47  Evolution Chamber  
  136  10:48  Overseer  
  136  10:49  Hydralisk  
  135  10:50  Hydralisk x7  
  135  10:52  Overlord x2  
  151  11:08  Hydralisk x4  
  159  11:32  Zerg Ground Armor Level 2  
  159  11:35  Hatchery  
  158  11:40  Lurker Den  
  157  11:50  Extractor  
  156  11:55  Extractor  
  155  12:09  Overlord  
  155  12:10  Overlord x4  
  155  12:15  Infestation Pit  
  128  13:02  Roach, Hydralisk  
  128  13:03  Roach x9, Hydralisk x14  
  112  13:27  Hydralisk x5  
  112  13:32  Lurker  
  112  13:33  Lurker x6  
  129  13:43  Hive  
  129  13:46  Drone  
  129  13:47  Drone x15  
  129  13:48  Drone x4  
  149  14:00  Roach x4  
  157  14:12  Roach  
  157  14:13  Roach x8  
  175  14:34  Zerg Melee Weapons Level 1  
  175  14:44  Overseer  
  175  15:09  Hatchery  
  172  15:18  Swarm Host x9  
  199  15:24  Zerg Ground Armor Level 3  
  199  15:34  Adaptive Talons  
  149  16:32  Roach x5  
  154  16:33  Roach x24  
  193  16:41  Spine Crawler  
  193  16:42  Spine Crawler x3  
  193  16:43  Spine Crawler  
  193  16:44  Spine Crawler  
  183  16:59  Overlord  
  183  17:00  Overlord x3  
  139  17:11  Roach x3  
  139  17:12  Roach  
  131  17:36  Hydralisk  
  131  17:37  Hydralisk x15  
  163  18:12  Hatchery  
  162  18:32  Lurker x4  
  162  18:33  Lurker x2  
  166  18:56  Overlord x3  
  166  19:11  Overlord x3  
  134  19:47  Hydralisk  
  134  19:48  Hydralisk x15  
  158  20:05  Hydralisk x3  
  162  20:44  Hydralisk  
  162  20:45  Hydralisk x8  
  122  21:19  Lurker  
  122  21:20  Lurker x8  
  122  21:21  Roach x3  
  122  21:22  Roach  
  137  21:59  Extractor  
  136  22:04  Extractor  
  100  22:26  Viper  
  100  22:27  Roach x3  
  100  22:28  Roach x11  
  103  23:01  Roach x7  
Tags
 
Composition
Lurkers
Matchup
ZvZ
Race
Zerg
Spawn Locations
Cross Positions
Add a new tag
Caveats
  • Supply blocks, unpowered buildings, or Contaminate may cause inaccurate times.
  • Supply counts are checked every 10 seconds.